| TOP OF THE 1ST |
|
Clemson University Tigers batting - Pitching for University of Michigan Wolverines : RHP Nick Mistretta
|
|
Pitching: RHP Nick Mistretta
|
|
|
Batting: RHB Dave Pizarro
|
0-0: Ball 1-0: Called Strike 1-1: Swinging Strike 1-2: SINGLE (Line Drive, 8LS, EV 113.8 MPH)
|
|
Batting: RHB Wes Reynolds
|
0-0: Called Strike 0-1: Grounds into double play, 4-6-3 (Groundball, 4D, EV 101.9 MPH)
|
|
Batting: SHB Justin Hensley
|
0-0: Ball 1-0: Ground out 6-3 (Groundball, 6, EV 86.2 MPH)
|
| Top of the 1st over - 0 runs, 1 hit, 0 errors, 0 left on base; Clemson University 0 - University of Michigan 0 |
| BOTTOM OF THE 1ST |
|
University of Michigan Wolverines batting - Pitching for Clemson University Tigers : RHP Carlton Howe
|
|
Pitching: RHP Carlton Howe
|
|
|
Batting: RHB Cesar Martinez
|
0-0: Foul Ball, location: 2F 0-1: Called Strike 0-2: Ball 1-2: Strikes out swinging
|
|
Batting: RHB Michael Diez
|
0-0: Fly out, F7 (Flyball, 7, EV 94.4 MPH)
|
|
Batting: RHB Artyom Shavkunov
|
0-0: Ball 1-0: SINGLE (Groundball, 6MD, EV 93.8 MPH)
|
|
Batting: RHB Ryan Criollo
|
0-0: Ball 1-0: SINGLE (Groundball, 4D, EV 105.0 MPH) Artyom Shavkunov to second Runner from 2nd tries for 3rd, SAFE, no throw by RF
|
|
Batting: LHB Mark Backstrom
|
0-0: Ball 1-0: Called Strike 1-1: Foul Ball, location: 2F 1-2: Fly out, F8 (Flyball, 8LXD, EV 89.4 MPH)
|
| Bottom of the 1st over - 0 runs, 2 hits, 0 errors, 2 left on base; Clemson University 0 - University of Michigan 0 |
| TOP OF THE 2ND |
|
Clemson University Tigers batting - Pitching for University of Michigan Wolverines : RHP Nick Mistretta
|
|
Batting: RHB Ryan Starks
|
0-0: Foul Ball, location: 2F 0-1: SINGLE (Flyball, 4D, EV 83.1 MPH)
|
|
Batting: LHB Pat Fontana
|
0-0: Called Strike 0-1: Ball 1-1: Fly out, F3 (Line Drive, 3, EV 68.1 MPH)
|
|
Batting: RHB Ken Manser
|
0-0: Foul Ball, location: 2F 0-1: Swinging Strike 0-2: Ball 1-2: Foul Ball, location: 2F 1-2: Ball 2-2: Strikes out swinging
|
|
Batting: RHB Jimmy McIntosh
|
0-0: Foul Ball, location: 2F 0-1: Swinging Strike 0-2: Ball 1-2: Strikes out swinging
|
| Top of the 2nd over - 0 runs, 1 hit, 0 errors, 1 left on base; Clemson University 0 - University of Michigan 0 |
| BOTTOM OF THE 2ND |
|
University of Michigan Wolverines batting - Pitching for Clemson University Tigers : RHP Carlton Howe
|
|
Batting: RHB Aaron Barraza
|
0-0: Ball 1-0: Called Strike 1-1: Ground out 5-3 (Groundball, 56, EV 100.6 MPH)
|
|
Batting: SHB Corey Penson
|
0-0: Foul Ball, location: 2F 0-1: Ball 1-1: Ball 2-1: Ground out 4-3 (Groundball, 4, EV 105.0 MPH)
|
|
Batting: LHB Dave Carlisle
|
0-0: Foul Ball, location: 2F 0-1: Fly out, F8 (Line Drive, 8LD, EV 90.0 MPH)
|
| Bottom of the 2nd over - 0 runs, 0 hits, 0 errors, 0 left on base; Clemson University 0 - University of Michigan 0 |
| TOP OF THE 3RD |
|
Clemson University Tigers batting - Pitching for University of Michigan Wolverines : RHP Nick Mistretta
|
|
Batting: LHB Nick Martin
|
0-0: Called Strike 0-1: Ball 1-1: Ground out U3 (Groundball, 3, EV 98.8 MPH)
|
|
Batting: RHB Carlos Gonzalez
|
0-0: Ball 1-0: Ball 2-0: Ground out 6-3 (Groundball, 6, EV 79.4 MPH)
|
|
Batting: RHB Dave Pizarro
|
0-0: Ball 1-0: Ball 2-0: Ground out 5-3 (Groundball, 5S, EV 85.6 MPH)
|
| Top of the 3rd over - 0 runs, 0 hits, 0 errors, 0 left on base; Clemson University 0 - University of Michigan 0 |
| BOTTOM OF THE 3RD |
|
University of Michigan Wolverines batting - Pitching for Clemson University Tigers : RHP Carlton Howe
|
|
Batting: RHB Juan Zamora
|
0-0: Foul Ball, location: 2F 0-1: Foul Ball, location: 2F 0-2: Ground out 4-3 (Groundball, 4M, EV 84.4 MPH)
|
|
Batting: RHB Cesar Martinez
|
0-0: Called Strike 0-1: Ball 1-1: Swinging Strike 1-2: Strikes out swinging
|
|
Batting: RHB Michael Diez
|
0-0: Called Strike 0-1: Foul Ball, location: 2F 0-2: Ball 1-2: Strikes out swinging
|
| Bottom of the 3rd over - 0 runs, 0 hits, 0 errors, 0 left on base; Clemson University 0 - University of Michigan 0 |
| TOP OF THE 4TH |
|
Clemson University Tigers batting - Pitching for University of Michigan Wolverines : RHP Nick Mistretta
|
|
Batting: RHB Wes Reynolds
|
0-0: Ball 1-0: Called Strike 1-1: Called Strike 1-2: Ball 2-2: Fly out, F8 (Line Drive, 8RM, EV 88.1 MPH)
|
|
Batting: SHB Justin Hensley
|
0-0: Swinging Strike 0-1: Called Strike 0-2: Ball 1-2: Ball 2-2: Foul Ball, location: 2F 2-2: SINGLE (Groundball, 3D, EV 96.9 MPH)
|
|
Batting: RHB Ryan Starks
|
0-0: SINGLE (Line Drive, 9S, EV 101.9 MPH) Justin Hensley to second
|
|
Batting: LHB Pat Fontana
|
0-0: Ball 1-0: Reached on error, E6 (Groundball, 6M, EV 88.1 MPH) Justin Hensley to third Ryan Starks to second
|
|
Batting: RHB Ken Manser
|
0-0: Swinging Strike 0-1: Called Strike 0-2: Strikes out looking
|
|
Batting: RHB Jimmy McIntosh
|
0-0: Ball 1-0: Fly out, F8 (Flyball, 8RD, EV 104.4 MPH)
|
| Top of the 4th over - 0 runs, 2 hits, 1 error, 3 left on base; Clemson University 0 - University of Michigan 0 |
| BOTTOM OF THE 4TH |
|
University of Michigan Wolverines batting - Pitching for Clemson University Tigers : RHP Carlton Howe
|
|
Batting: RHB Artyom Shavkunov
|
0-0: Foul Ball, location: 2F 0-1: Called Strike 0-2: Ball 1-2: Ball 2-2: SINGLE (Line Drive, 6MD, EV 98.1 MPH)
|
|
Batting: RHB Ryan Criollo
|
0-0: Called Strike 0-1: Ball 1-1: SINGLE (Groundball, 34D, EV 100.0 MPH) Artyom Shavkunov to second Runner from 2nd tries for 3rd, SAFE, throw by RF made to third
|
|
Batting: LHB Mark Backstrom
|
0-0: Called Strike 0-1: Grounds into double play, 6-4-3 (Groundball, 6, EV 107.5 MPH) Artyom Shavkunov scores
|
|
Batting: RHB Aaron Barraza
|
0-0: Swinging Strike 0-1: Ball 1-1: Ball 2-1: Fly out, F9 (Line Drive, 9, EV 103.1 MPH)
|
| Bottom of the 4th over - 1 run, 2 hits, 0 errors, 0 left on base; Clemson University 0 - University of Michigan 1 |
| TOP OF THE 5TH |
|
Clemson University Tigers batting - Pitching for University of Michigan Wolverines : RHP Nick Mistretta
|
|
Pitching: RHP Sam Drews
|
|
|
Batting: LHB Nick Martin
|
0-0: Called Strike 0-1: Swinging Strike 0-2: Ball 1-2: SINGLE (Line Drive, 34, EV 101.9 MPH)
|
|
Pinch Hitting: LHB Jamie Spangenberg
|
0-0: Fly out, F8 (Line Drive, 8LD, EV 94.4 MPH)
|
|
Pinch Hitting: LHB Brandon Homol
|
0-0: Ball 1-0: Fly out, F9 (Flyball, 89D, EV 108.8 MPH)
|
|
Batting: RHB Wes Reynolds
|
0-0: Ball 1-0: Ball 2-0: Ground out 6-3 (Groundball, 6M, EV 90.0 MPH)
|
| Top of the 5th over - 0 runs, 1 hit, 0 errors, 1 left on base; Clemson University 0 - University of Michigan 1 |
| BOTTOM OF THE 5TH |
|
University of Michigan Wolverines batting - Pitching for Clemson University Tigers : RHP Carlton Howe
|
|
Pitching: RHP Cortez Cruz
|
|
|
Now at 1B: Jorge Renteria
|
|
|
Now in LF: Brandon Homol
|
|
|
Now in CF: Pat Fontana
|
|
|
Batting: SHB Corey Penson
|
0-0: Called Strike 0-1: Swinging Strike 0-2: Ball 1-2: Foul Ball, location: 2F 1-2: Ball 2-2: Foul Ball, location: 2F 2-2: Strikes out swinging
|
|
Batting: LHB Dave Carlisle
|
0-0: Called Strike 0-1: Foul Ball, location: 2F 0-2: Strikes out looking
|
|
Batting: RHB Juan Zamora
|
0-0: SINGLE (Line Drive, 56, EV 95.6 MPH)
|
|
Batting: RHB Cesar Martinez
|
0-0: Called Strike 0-1: Ball 1-1: Ball 2-1: Foul Ball, location: 2F 2-2: Foul Ball, location: 2F 2-2: Foul Ball, location: 2F 2-2: Strikes out swinging
|
| Bottom of the 5th over - 0 runs, 1 hit, 0 errors, 1 left on base; Clemson University 0 - University of Michigan 1 |
| TOP OF THE 6TH |
|
Clemson University Tigers batting - Pitching for University of Michigan Wolverines : RHP Sam Drews
|
|
Batting: SHB Justin Hensley
|
0-0: Swinging Strike 0-1: Ball 1-1: Swinging Strike 1-2: Foul Ball, location: 2F 1-2: Strikes out swinging
|
|
Batting: RHB Ryan Starks
|
0-0: Ball 1-0: Ball 2-0: Called Strike 2-1: Ball 3-1: Fly out, F9 (Flyball, 9LM, EV 96.9 MPH)
|
|
Batting: LHB Pat Fontana
|
0-0: Foul Ball, location: 2F 0-1: Ball 1-1: Ground out 1-3 (Groundball, P, EV 68.1 MPH)
|
| Top of the 6th over - 0 runs, 0 hits, 0 errors, 0 left on base; Clemson University 0 - University of Michigan 1 |
| BOTTOM OF THE 6TH |
|
University of Michigan Wolverines batting - Pitching for Clemson University Tigers : RHP Cortez Cruz
|
|
Batting: RHB Michael Diez
|
0-0: Ball 1-0: Foul Ball, location: 2F 1-1: Foul Ball, location: 2F 1-2: Ball 2-2: Strikes out swinging
|
|
Batting: RHB Artyom Shavkunov
|
0-0: Called Strike 0-1: Ball 1-1: Called Strike 1-2: Foul Ball, location: 2F 1-2: SINGLE (Line Drive, 89M, EV 108.1 MPH)
|
|
Batting: RHB Ryan Criollo
|
0-0: Called Strike 0-1: Ball 1-1: Swinging Strike 1-2: Strikes out swinging
|
|
Batting: LHB Mark Backstrom
|
0-0: Called Strike 0-1: Called Strike 0-2: Ground out 4-3 (Groundball, 4, EV 82.5 MPH)
|
| Bottom of the 6th over - 0 runs, 1 hit, 0 errors, 1 left on base; Clemson University 0 - University of Michigan 1 |
| TOP OF THE 7TH |
|
Clemson University Tigers batting - Pitching for University of Michigan Wolverines : RHP Sam Drews
|
|
Batting: RHB Ken Manser
|
0-0: Called Strike 0-1: Foul Ball, location: 2F 0-2: Strikes out swinging, 2-3 out at first.
|
|
Batting: RHB Jimmy McIntosh
|
0-0: Called Strike 0-1: Swinging Strike 0-2: Foul Ball, location: 2F 0-2: Foul Ball, location: 2F 0-2: Ball 1-2: Ground out 4-3 (Groundball, 34D, EV 106.2 MPH)
|
|
Batting: LHB Nick Martin
|
0-0: Ball 1-0: Called Strike 1-1: Foul Ball, location: 2F 1-2: Foul Ball, location: 2F 1-2: Ball 2-2: Fly out, F5 (Line Drive, 5, EV 68.1 MPH)
|
| Top of the 7th over - 0 runs, 0 hits, 0 errors, 0 left on base; Clemson University 0 - University of Michigan 1 |
| BOTTOM OF THE 7TH |
|
University of Michigan Wolverines batting - Pitching for Clemson University Tigers : RHP Cortez Cruz
|
|
Pitching: LHP Jeff Briggs
|
|
|
Batting: RHB Aaron Barraza
|
0-0: Called Strike 0-1: Foul Ball, location: 2F 0-2: Strikes out swinging
|
|
Batting: SHB Corey Penson
|
0-0: SOLO HOME RUN (Flyball, 9D, EV 96.9 MPH), Distance : 368 ft
|
|
Batting: LHB Dave Carlisle
|
0-0: Ball 1-0: SINGLE (Groundball, 4MD, EV 94.4 MPH)
|
|
Batting: RHB Juan Zamora
|
0-0: Called Strike 0-1: Ball 1-1: Ball 2-1: Fly out, F9 (Flyball, 9LS, EV 93.8 MPH)
|
|
Pinch Hitting: RHB Armando Vilano
|
0-0: Ground out 4-3 (Groundball, 4, EV 89.4 MPH)
|
| Bottom of the 7th over - 1 run, 2 hits, 0 errors, 1 left on base; Clemson University 0 - University of Michigan 2 |
| TOP OF THE 8TH |
|
Clemson University Tigers batting - Pitching for University of Michigan Wolverines : RHP Sam Drews
|
|
Pitching: RHP Tyler Duffy
|
|
|
Now in CF: Armando Vilano
|
|
|
Batting: SHB Jorge Renteria
|
0-0: Ball 1-0: Foul Ball, location: 2F 1-1: Foul Ball, location: 2F 1-2: Ball 2-2: Strikes out looking
|
|
Batting: LHB Brandon Homol
|
0-0: Called Strike 0-1: Called Strike 0-2: Ball 1-2: Ball 2-2: Strikes out swinging
|
|
Pinch Hitting: RHB Mike Elkins
|
0-0: Ball 1-0: Called Strike 1-1: Foul Ball, location: 2F 1-2: Ball 2-2: Foul Ball, location: 2F 2-2: SINGLE (Groundball, 56D, EV 103.1 MPH)
|
|
Batting: LHB Pablo Serrato
|
0-0: Called Strike 0-1: Foul Ball, location: 2F 0-2: Strikes out swinging
|
| Top of the 8th over - 0 runs, 1 hit, 0 errors, 1 left on base; Clemson University 0 - University of Michigan 2 |
| BOTTOM OF THE 8TH |
|
University of Michigan Wolverines batting - Pitching for Clemson University Tigers : LHP Jeff Briggs
|
|
Now at 3B: Mike Elkins
|
|
|
Pinch Hitting: RHB Tim Cordle
|
0-0: Called Strike 0-1: Ball 1-1: Called Strike 1-2: Ball 2-2: Ball 3-2: Strikes out looking
|
|
Batting: RHB Artyom Shavkunov
|
0-0: Called Strike 0-1: Ball 1-1: Ball 2-1: Foul Ball, location: 2F 2-2: Ground out 6-3 (Groundball, 6, EV 107.5 MPH)
|
|
Batting: RHB Ryan Criollo
|
0-0: Ball 1-0: Foul Ball, location: 2F 1-1: Called Strike 1-2: Ball 2-2: Ball 3-2: Strikes out swinging
|
| Bottom of the 8th over - 0 runs, 0 hits, 0 errors, 0 left on base; Clemson University 0 - University of Michigan 2 |
| TOP OF THE 9TH |
|
Clemson University Tigers batting - Pitching for University of Michigan Wolverines : RHP Tyler Duffy
|
|
Pitching: RHP Johnny Hallamore
|
|
|
Now at 3B: Hugo Torrez
|
|
|
Pinch Hitting: RHB Jaime Rios
|
0-0: Ball 1-0: Foul Ball, location: 2F 1-1: Called Strike 1-2: Ground out U3 (Groundball, 34S, EV 86.9 MPH)
|
|
Batting: LHB Pat Fontana
|
0-0: Swinging Strike 0-1: Swinging Strike 0-2: Ball 1-2: Foul Ball, location: 2F 1-2: Foul Ball, location: 2F 1-2: Strikes out swinging
|
|
Pinch Hitting: SHB Ronnie Brooks
|
0-0: Ball 1-0: Foul Ball, location: 2F 1-1: Ball 2-1: DOUBLE (Line Drive, 9LS, EV 96.9 MPH)
|
|
Batting: RHB Jimmy McIntosh
|
0-0: Ball 1-0: Ball 2-0: Foul Ball, location: 2F 2-1: Called Strike 2-2: Foul Ball, location: 2F 2-2: Strikes out swinging
|
| Top of the 9th over - 0 runs, 1 hit, 0 errors, 1 left on base; Clemson University 0 - University of Michigan 2 |
|